 Dungeon Crawl Stone Soup version 0.17.1-2-g5865329 (webtiles) character file.

1652 Tomstefer the Carver (level 8, 0/91 HPs)
             Began as a Demonspawn Berserker on Feb 10, 2016.
             Was an Elder of Trog.
             Slain by an ogre
             ... wielding a +0 giant club
              (14 damage)
             ... on level 7 of the Dungeon.
             The game lasted 00:19:21 (7127 turns).

Tomstefer the Carver (Demonspawn Berserker)         Turns: 7127, Time: 00:19:21

Health: 0/91       AC: 10    Str: 24    XL:     8   Next: 68%
Magic:  8/8        EV: 10    Int: 10    God:    Trog [****..]
Gold:   326        SH:  0    Dex: 12    Spells: 0 memorised, 7 levels left

rFire  . . .     SeeInvis .     a - +0 falchion
rCold  + . .     Clarity  .     j - +0 scale mail
rNeg   . . .     SustAt   .     (no shield)
rPois  .         Gourm    .     (no helmet)
rElec  .         Spirit   .     (no cloak)
rCorr  .         Warding  .     (no gloves)
rMut   .         Stasis   .     (no boots)
MR     .....                    (no amulet)
Stlth  ..........               t - ring of protection from cold
                                h - +2 ring of protection

@: berserking, lethally poisoned (0 -> 0), very quick, not resistant to hostile
enchantments, extremely unstealthy
A: hooves 2, yellow scales 1, powered by death 1, rot immunity
a: Berserk, Trog's Hand, Brothers in Arms, Burn Spellbooks, Renounce Religion


You were on level 7 of the Dungeon.
You worshipped Trog.
Trog was greatly pleased with you.
You were not hungry.

You visited 1 branch of the dungeon, and saw 7 of its levels.

You collected 326 gold pieces.

Inventory:

Hand Weapons
 a - a +0 falchion (weapon)
 J - a +0 shortbow
Missiles
 K - 15 arrows
Armour
 j - a +0 scale mail (worn)
Jewellery
 h - a +2 ring of protection (left hand)
 t - a ring of protection from cold (right hand)
 D - an uncursed ring of positive energy {unknown}
 E - an uncursed ring of protection from cold
Wands
 v - a wand of slowing (23)
 x - a wand of random effects (9)
Scrolls
 e - 3 scrolls of enchant armour
 l - 2 scrolls of teleportation {unknown}
 m - 2 scrolls of fear
 o - 2 scrolls of remove curse {unknown}
 r - 3 scrolls of random uselessness {unknown}
 u - 3 scrolls of identify
 y - a scroll of immolation {unknown}
 C - a scroll of recharging {unknown}
 G - 2 scrolls of fog {unknown}
 I - a scroll of vulnerability {unknown}
 L - a scroll of magic mapping {unknown}
 M - 2 scrolls of noise {unknown}
Potions
 b - a potion of might {unknown}
 d - 3 potions of curing {unknown}
 f - 2 potions of flight
 i - a potion of brilliance {unknown}
 n - 3 potions of haste {unknown}
 p - a potion of ambrosia {unknown}
 q - a potion of cure mutation {unknown}
 s - a potion of beneficial mutation {unknown}
 w - a potion of heal wounds {unknown}
 z - a potion of agility {unknown}
 B - a potion of lignification {unknown}
Comestibles
 c - 7 bread rations
 g - a royal jelly
 k - a slice of pizza
 A - a beef jerky
 F - 2 meat rations
 H - 3 fruits
 N - 4 chunks of flesh


   Skills:
 + Level 4.4 Fighting
 + Level 9.5 Long Blades
 + Level 3.6 Armour
 - Level 1.7 Dodging


You had 7 spell levels left.
You didn't know any spells.

Dungeon Overview and Level Annotations

Branches:
Dungeon (7/15)             Temple (0/1) D:5

Altars:
Ashenzari
Cheibriados
Kikubaaqudgha
Okawaru
Ru
Sif Muna
Trog
Zin

Annotations:
D:7 Pikel


Innate Abilities, Weirdness & Mutations

You have hoof-like feet.
You are partially covered in yellow scales (AC +2).
You regenerate a little health from kills.
You are immune to rotting.


Message History

You feel somewhat more hungry. The worker ant closely misses you.
The slave hits you but does no damage. The slave hits you.
You slash the worker ant! You kick the worker ant.
You kill the worker ant!
Trog accepts your kill.
You feel sick. The adder bites you but does no damage.
The slave closely misses you. The ogre hits you with a giant club!
* * * LOW HITPOINT WARNING * * *
The slave barely misses you. The slave closely misses you.
You slash the slave!
The slave is heavily wounded.
The adder completely misses you. The slave hits you!
* * * LOW HITPOINT WARNING * * *
The slave barely misses you.
You closely miss the slave. Your kick misses the slave.
The slave is heavily wounded.
You feel sick. The slave closely misses you.
The ogre hits you with a giant club!
You die...

.............>#.
............(...
#####....####...
#......# ..
##.#.#.## #
#......# #.#.#..##
........p.####
##.##5..p@pSK# #.
#....OS#.##
##..#....#p..#
............>....
#......#..##......
#......#... #.....
........## .....
.......## ...(<
.....# ...


You could see Pikel, an ogre, 4 slaves, a crimson imp and 2 adders.

Vanquished Creatures
  Prince Ribbit (D:6)
  An ice beast (D:5)
  2 ogres
  A centaur (D:6)
  A giant frog (D:4)
  A scorpion (D:6)
  A water moccasin skeleton (D:5)
  3 crimson imps
  3 orc priests
  3 hounds
  A gnoll shaman (D:4)
  Jessica (D:2)
  2 iguanas (D:5)
  4 worker ants
  6 orc wizards
  A hound zombie (D:5)
  6 gnolls (D:4)
  11 adders
  A shadow imp (D:6)
  An adder zombie (D:6)
  4 worms
  3 giant geckos
  27 orcs
  2 ball pythons
  4 giant cockroaches
  4 hobgoblins
  10 jackals
  7 kobolds
  4 bats
  10 giant newts
  5 goblins
  5 quokkas
  7 rats
143 creatures vanquished.

Notes
Turn   | Place    | Note
--------------------------------------------------------------
     0 | D:1      | Tomstefer the Demonspawn Berserker began the quest for the Orb.
     0 | D:1      | Reached XP level 1. HP: 18/18 MP: 1/1
   323 | D:1      | Gained mutation: You have large cloven feet. [demonic ancestry]
   323 | D:1      | Reached XP level 2. HP: 24/24 MP: 2/2
   360 | D:1      | Found a snail-covered altar of Cheibriados.
  1024 | D:2      | Reached ** piety under Trog
  1071 | D:2      | Found a deep blue altar of Sif Muna.
  1096 | D:2      | Noticed Jessica
  1112 | D:2      | Killed Jessica
  1112 | D:2      | Reached skill level 4 in Long Blades
  1112 | D:2      | Reached XP level 3. HP: 20/29 MP: 3/3
  1447 | D:2      | Found a faded altar to an unknown god.
  1725 | D:2      | Gained mutation: You are immune to rotting. [demonic ancestry]
  1725 | D:2      | Reached XP level 4. HP: 33/35 MP: 4/4
  2124 | D:3      | Found an iron altar of Okawaru.
  2238 | D:3      | Reached skill level 5 in Long Blades
  2927 | D:3      | Gained mutation: You are partially covered in yellow scales (AC +2). [demonic ancestry]
  2927 | D:3      | Reached XP level 5. HP: 37/41 MP: 5/5
  3154 | D:3      | Found a bloodstained altar of Trog.
  3588 | D:4      | Reached *** piety under Trog
  3663 | D:4      | Reached skill level 6 in Long Blades
  3663 | D:4      | Reached XP level 6. HP: 34/47 MP: 6/6
  4316 | D:4      | Found a shattered altar of Ashenzari.
  4559 | D:5      | Entered Level 5 of the Dungeon
  4593 | D:5      | Reached skill level 7 in Long Blades
  4641 | D:5      | Gained mutation: You regenerate a little health from kills. [demonic ancestry]
  4641 | D:5      | Reached XP level 7. HP: 25/52 MP: 7/7
  4899 | D:5      | Found a bloodstained altar of Trog.
  4912 | D:5      | Reached skill level 8 in Long Blades
  4986 | D:5      | Found a staircase to the Ecumenical Temple.
  5155 | D:5      | Received a gift from Trog
  5577 | D:5      | Reached skill level 9 in Long Blades
  5577 | D:5      | Gained mutation: You have hoof-like feet. [demonic ancestry]
  5577 | D:5      | Reached XP level 8. HP: 32/58 MP: 8/8
  5959 | D:6      | Reached **** piety under Trog
  6023 | D:6      | Found a glowing silver altar of Zin.
  6271 | D:6      | Noticed Prince Ribbit
  6387 | D:6      | Killed Prince Ribbit
  6672 | D:6      | Found a sacrificial altar of Ru.
  6898 | D:6      | Found an ancient bone altar of Kikubaaqudgha.
  7109 | D:7      | Noticed Pikel
  7127 | D:7      | Slain by an ogre

Action                   |  1- 3 |  4- 6 |  7- 9 || total
-------------------------+-------+-------+-------++-------
Melee: Falchion          |   111 |   297 |   333 ||   741
 Fire: Shortbow          |       |       |     3 ||     3
Invok: Burn Spellbooks   |     1 |       |       ||     1
       Berserk           |       |     3 |     6 ||     9
       Trog's Hand       |       |       |     1 ||     1
  Use: Scroll            |       |     4 |       ||     4
  Eat: Chunk             |     3 |    12 |    14 ||    29
